 Dungeon Crawl Stone Soup version 0.17-a0-1850-g688e747 (webtiles) character file.

28 dpvblackbelt the Magician (level 2, 0/15 HPs)
             Began as a Deep Elf Ice Elementalist on Sept 19, 2015.
             Killed from afar by an orc wizard (8 damage)
             ... with a puff of flame
             ... on level 1 of the Dungeon.
             The game lasted 00:02:55 (1020 turns).

dpvblackbelt the Magician (DEIE)                    Turns: 1020, Time: 00:02:55

Health: 0/15       AC:  2    Str:  5    XL:     2   Next: 96%
Magic:  6/9        EV: 13    Int: 19    God:
Gold:   31         SH:  0    Dex: 15    Spells: 2 memorised, 7 levels left

rFire  . . .     SeeInvis .     k - +2 dagger (venom)
rCold  . . .     Clarity  .     a - +0 robe
rNeg   . . .     SustAt   .     (no shield)
rPois  .         Gourm    .     (no helmet)
rElec  .         Spirit   .     (no cloak)
rCorr  .         Warding  .     (no gloves)
rMut   .         Stasis   .     (no boots)
MR     .....                    (no amulet)
Stlth  ++........               (no ring)
                                (no ring)

@: not resistant to hostile enchantments, unstealthy
A: no striking features
a: no special abilities


You were on level 1 of the Dungeon.
You were not hungry.

You visited 1 branch of the dungeon, and saw 1 of its levels.

You collected 31 gold pieces.

Inventory:

Hand weapons
 d - a +0 spear
 k - a +2 dagger of venom (weapon)
Missiles
 i - 2 javelins of returning (quivered)
Armour
 a - a +0 robe (worn)
Jewellery
 f - an uncursed ring of protection from cold {unknown}
Scrolls
 h - a scroll of enchant weapon {unknown}
 m - a scroll of amnesia {unknown}
 n - a scroll of remove curse {unknown}
Potions
 e - a potion of magic {unknown}
 j - a potion of lignification {unknown}
 l - a potion of curing {unknown}
Books
 b - a book of Frost

   Spells                             Type                      Level
   a - Freeze                         Ice                          1
   b - Throw Frost                    Conjuration/Ice              2
   c - Ozocubu's Armour               Charms/Ice                   3
   d - Throw Icicle                   Conjuration/Ice              4
   e - Summon Ice Beast               Ice/Summoning                4
   f - Condensation Shield            Ice                          4
Comestibles
 c - a bread ration
 g - a slice of pizza


   Skills:
 - Level 2.4 Dodging
 - Level 2.4 Stealth
 + Level 4.8 Spellcasting
 - Level 1.1 Conjurations
 - Level 3.3 Ice Magic


You had 7 spell levels left.
You knew the following spells:

 Your Spells              Type           Power        Failure   Level  Hunger
a - Freeze                Ice            ###.         3%          1    None
b - Throw Frost           Conj/Ice       ##....       10%         2    #......


Dungeon Overview and Level Annotations

Branches:
Dungeon (1/15)

Altars:


Message History

The orc priest shouts!
Casting: Freeze
Confirm with . or Enter, or press ? or * to list all spells.
Aiming: Freeze
Press: ? - help, Shift-Dir - straight line, f - orc wizard
Aim: an orc wizard, wielding a dagger and wearing a robe You freeze the orc wizard.
The orc wizard is moderately wounded.
The orc wizard hits you but does no damage.
Casting: Freeze
Confirm with . or Enter, or press ? or * to list all spells.
Aiming: Freeze
Press: ? - help, Shift-Dir - straight line, f/p - orc wizard
Aim: an orc wizard, wielding a dagger and wearing a robe (moderately wounded)
You freeze the orc wizard.
The orc wizard is severely wounded.
The orc wizard casts a spell at you. The puff of flame hits you!
Ouch! That really hurt!
You die...

......##..#.###....# #.#####..#.#
...................# #.#......#.#
..........#.###....###.#......#.#
.......o.o.............+.........
.#....##o.o........###.#......#.#
.#....##.o.....#..............#.#
.#......o......#...###.....†.....
##....##..#'####....##........#.#
##....##..#.# #@....#........#.#
......##..#.####o.......†.....#.#
##.......o....[..........†.......
######...o.####...#.#..........>
......##.####...................#
..§...#..........................
.§§§..#....##.#..................
..§...#....##.#....#.#..###..#...
g.....#....##......#.#..###......


You could see an orc wizard.

Vanquished Creatures
  An ooze (D:1)
  An orc (D:1)
  A giant cockroach (D:1)
  A hobgoblin (D:1)
  3 kobolds (D:1)
  6 bats (D:1)
  2 giant newts (D:1)
  3 goblins (D:1)
  6 rats (D:1)
24 creatures vanquished.

Notes
Turn   | Place    | Note
--------------------------------------------------------------
     0 | D:1      | dpvblackbelt the Deep Elf Ice Elementalist began the quest for the Orb.
     0 | D:1      | Reached XP level 1. HP: 10/10 MP: 6/6
   135 | D:1      | Reached skill level 4 in Spellcasting
   135 | D:1      | Reached XP level 2. HP: 7/15 MP: 1/9
   139 | D:1      | Learned a level 2 spell: Throw Frost
  1020 | D:1      | Killed from afar by an orc wizard

Vault maps used:
D:1:      minmay_arrival_glassed_features, minivault_4, monster_avoids_cloud

Action                   || total
-------------------------++-------
Melee: Spear             ||    24
       Dagger            ||    13
 Cast: Freeze            ||    21
 Stab: Sleeping          ||     2
